 Dungeon Crawl Stone Soup version 0.31-a0-1-g4198be8af4 (webtiles) character file.

Game seed: 5968139141626240726

417 themarg the Caller (level 6, 0/43 HPs)
             Began as a Merfolk Summoner on Apr 30, 2023.
             Was an Initiate of Hepliaklqana.
             Slain by Pikel
             ... wielding a +2 whip of flaming
              (7 damage)
             ... on level 5 of the Dungeon.
             The game lasted 00:14:52 (4856 turns).

themarg the Caller (Merfolk Summoner)               Turns: 4856, Time: 00:14:52

Health: 0/43       AC:  6    Str:  8    XL:     6   Next: 92%
Magic:  4/9        EV: 12    Int: 17    God:    Hepliaklqana [......]
Gold:   171        SH:  0    Dex: 14    Spells: 3/9 levels left

rFire   . . .        t - +0 trident
rCold   . . .        (no shield)
rNeg    . . .        a - +0 robe
rPois   .            q - +1 helmet
rElec   .            v - +0 cloak
rCorr   .            (no gloves)
SInv    .            u - +0 pair of boots
Will    .....        (no amulet)
Stlth   ++           (no ring)
HPRegen 0.27/turn    (no ring)
MPRegen 0.11/turn

%: no passive effects
@: no status effects
A: (nimble swimmer 2), mertail
a: Renounce Religion


You were on level 5 of the Dungeon.
You worshipped Hepliaklqana.
Hepliaklqana was noncommittal.
You visited 1 branch of the dungeon, and saw 5 of its levels.

You collected 171 gold pieces.

Inventory:

Hand Weapons
 t - a +0 trident (weapon)
Missiles
 f - 76 stones
 r - 6 javelins
 s - 2 boomerangs (quivered)
Armour
 a - a +0 robe (worn)
 k - a +0 buckler
 q - a +1 helmet (worn)
 u - a +0 pair of boots (worn)
 v - a +0 cloak (worn)
Jewellery
 h - a ring of fire
Scrolls
 e - 2 scrolls of amnesia {unknown}
 j - 2 scrolls of fog
 m - 2 scrolls of teleportation
 n - a scroll of immolation {unknown}
 w - a scroll of noise {unknown}
 x - a scroll of magic mapping {unknown}
 y - a scroll of torment {unknown}
 A - a scroll of enchant weapon {unknown}
Potions
 b - a potion of magic
 d - 4 potions of brilliance
 i - a potion of lignification {unknown}
 o - 2 potions of berserk rage {unknown}
 p - 3 potions of cancellation
 z - a potion of curing {unknown}
 B - a potion of might {unknown}


   Skills:
 - Level 1.0 Fighting
 - Level 1.0 Polearms
 - Level 2.6 Dodging
 - Level 3.0 Stealth
 - Level 2.0 Spellcasting
 + Level 7.6 Summonings
 - Level 1.0 Invocations


You had 3 spell levels left.
You knew the following spells:

 Your Spells              Type           Power      Damage    Failure   Level
a - Summon Small Mammal   Summ           100%       N/A       1%          1
b - Call Imp              Summ           54%        N/A       1%          2
c - Call Canine Familiar  Summ           27%        N/A       2%          3

Your spell library contained the following spells:

 Spells                   Type           Power      Damage    Failure   Level
 Summon Guardian Golem    Hex/Summ       14%        N/A       12%         3
 Frozen Ramparts          Ice            2%         1d1       50%         3
 Summon Ice Beast         Ice/Summ       14%        N/A       38%         4
 Summon Lightning Spire   Summ/Air       14%        N/A       38%         4
 Ice Form                 Ice/Tmut       1%         N/A       88%         4


Dungeon Overview and Level Annotations

Branches:
Dungeon (5/15)
 Temple: D:4-7

Altars:
Elyvilon
Hepliaklqana
Okawaru
Trog
Wu Jian
The Shining One

Annotations:
D:4 exclusion: downstairs, Duvessa
D:5 Pikel


Innate Abilities, Weirdness & Mutations

((You are very nimble when in or above water. (Stealth+, EV+, Speed+++)))
Your lower body shifts to a powerful aquatic tail in water.


Message History

Found 5 stones.
As you read the scroll of fear, it crumbles to dust.
You assume a fearsome visage.
Pikel looks frightened!
The lemure looks frightened! x2; The lemure looks more healthy.
Throw: 78 stones
Press: ? - help, Q - select action, (/) - cycle Shift-Dir - straight line, f/p - Pikel
Aim: Pikel, wielding a +2 whip of flaming and wearing a +0 robe (almost dead, fleeing, 50% to hit)
Okay, then.
Pikel starts to cry.
Throw: 78 stones
Press: ? - help, Q - select action, (/) - cycle Shift-Dir - straight line, f/p - Pikel
Aim: Pikel, wielding a +2 whip of flaming and wearing a +0 robe (almost dead, fleeing, 50% to hit)
You throw a stone.
The stone hits Pikel but does no damage.
Your attack snaps Pikel out of his fear.
Pikel is almost dead.
Throw: 77 stones
Press: ? - help, Q - select action, (/) - cycle Shift-Dir - straight line, f/p - Pikel
Aim: Pikel, wielding a +2 whip of flaming and wearing a +0 robe (almost dead, 50% to hit)
You throw a stone. The stone closely misses Pikel.
Throw: 2 boomerangs
Press: ? - help, Q - select action, (/) - cycle Shift-Dir - straight line, f/p - Pikel
Aim: Pikel, wielding a +2 whip of flaming and wearing a +0 robe (almost dead, 50% to hit)
You throw a boomerang.
The boomerang hits Pikel but does no damage.
Pikel is almost dead.
Throw: 2 boomerangs
Press: ? - help, Q - select action, (/) - cycle Shift-Dir - straight line, f/p - Pikel
Aim: Pikel, wielding a +2 whip of flaming and wearing a +0 robe (almost dead, 50% to hit)
You throw a boomerang. The boomerang closely misses Pikel.
Throw: 2 boomerangs
Press: ? - help, Q - select action, (/) - cycle Shift-Dir - straight line, f/p - Pikel
Aim: Pikel, wielding a +2 whip of flaming and wearing a +0 robe (almost dead, 50% to hit)
You throw a boomerang.
The boomerang hits Pikel but does no damage.
Pikel is almost dead.
You barely miss Pikel.
Pikel is almost dead.
Pikel hits you with a +2 whip of flaming!
You die...

#5#...............
#(#h#.###########.
#(#K#.# #. #.#.#.#
#######. #.#.#.#
........ #.#.#.#
#######. #.#.#.#
#. #K#.#.# #.
#@#.#.# #. #.#.#
#.####. #.#
#...... #.#
#.##### #(# # #.#
... ###


You could see Pikel.

Vanquished Creatures
  An orc priest (D:4)
  Robin (D:2)
  An adder (D:4)
  3 dart slugs
  3 orcs
  A hobgoblin (D:3)
  A bat (D:3)
  8 goblins
  2 kobolds
  2 rats
23 creatures vanquished.

Vanquished Creatures (collateral kills)
  An ice beast (D:4)
  An ogre (D:4)
  A jelly (D:5)
  A sleepcap (D:5)
  An adder (D:3)
  A worm (D:3)
  A dart slug (D:4)
  10 orcs
  4 ball pythons
  2 bats (D:1)
  11 endoplasms
  2 giant cockroaches
  12 goblins
  7 hobgoblins
  6 kobolds
  A quokka (D:3)
  3 frilled lizards (D:1)
  6 rats
71 creatures vanquished.

Grand Total: 94 creatures vanquished

Notes
Turn   | Place    | Note
-------+----------+-------------------------------------------
     0 | D:1      | themarg the Merfolk Summoner began the quest for the Orb.
     0 | D:1      | Reached XP level 1. HP: 13/13 MP: 3/3
   171 | D:1      | Reached XP level 2. HP: 16/19 MP: 3/5
   174 | D:1      | Learned a level 2 spell: Call Imp
   666 | D:1      | Reached XP level 3. HP: 24/24 MP: 3/6
   670 | D:1      | Learned a level 3 spell: Call Canine Familiar
   805 | D:1      | Reached skill level 5 in Summonings
  1286 | D:2      | Noticed Robin
  1750 | D:2      | Reached XP level 4. HP: 28/30 MP: 0/7
  1755 | D:2      | Killed Robin
  2240 | D:3      | Found an ornate altar of the Wu Jian Council.
  2432 | D:3      | Reached skill level 1 in Fighting
  2855 | D:3      | Found an iron altar of Okawaru.
  3152 | D:3      | Found a glowing golden altar of the Shining One.
  3153 | D:3      | Found a white marble altar of Elyvilon.
  3338 | D:4      | Reached XP level 5. HP: 37/37 MP: 5/8
  3423 | D:4      | Reached skill level 6 in Summonings
  3486 | D:4      | Reached skill level 1 in Polearms
  3568 | D:4      | Found a hazy altar of Hepliaklqana.
  3575 | D:4      | Noticed an ice beast
  3576 | D:4      | Became a worshipper of Hepliaklqana the Forgotten
  3590 | D:4      | Killed an ice beast
  3591 | D:4      | Reached XP level 6. HP: 22/43 MP: 2/9
  3692 | D:4      | Reached skill level 7 in Summonings
  3692 | D:4      | Reached skill level 1 in Invocations
  3751 | D:4      | Noticed Duvessa
  4276 | D:5      | Entered Level 5 of the Dungeon
  4374 | D:5      | Noticed Pikel
  4739 | D:5      | Found a bloodstained altar of Trog.
  4856 | D:5      | Slain by Pikel

Illustrated notes

Levels and vault maps discovered:
D:1:      minmay_arrival_plants_in_alcoves, layout_basic, minmay_pentomino_v4
D:2:      layout_rooms, uniq_robin
D:3:      layout_basic, okawaru_altar_gauntlet_db,
          nicolae_wu_jian_immortal_techniques, mainiacjoe_overflow_divided_tiny,
          skrybe_limestone_x
D:4:      layout_basic, mainiacjoe_overflow_paths, uniq_duvessa
D:5:      layout_basic, old_standard_altar, lightli_temple_of_fire, uniq_pikel

Skill      XL: |  1  2  3  4  5  6 |
---------------+-------------------+-----
Summonings     | 5 6 7 |  7.6
Stealth        | 3 |  3.0
Fighting       | 1 |  1.0
Polearms       | 1 |  1.0
Invocations    | 1 |  1.0
Dodging        | |  2.6
Spellcasting   | |  2.0

Action                     |  1- 3 |  4- 6 || total
---------------------------+-------+-------++-------
  Melee: Unarmed           |     5 |       ||     5
         Short sword       |    50 |    32 ||    82
         Punch             |     1 |       ||     1
         Trident           |       |    52 ||    52
         Tailslap          |       |     1 ||     1
  Throw: Dart              |       |    13 ||    13
         Boomerang         |       |     3 ||     3
         Stone             |       |     2 ||     2
   Cast: Summon Small Mamm |    48 |    22 ||    70
         Call Imp          |     4 |    17 ||    21
         Call Canine Famil |     2 |    19 ||    21
    Use: Scroll            |       |    10 ||    10
         Potion            |       |     1 ||     1
   Stab: Distracted        |     1 |     2 ||     3
 Armour: Robe              |     9 |    12 ||    21
  Dodge: Dodged            |    35 |    37 ||    72

Table legend: (Time is in decaauts)
 A = Elapsed time spent in this place.
 B = Non-inter-level travel time spent in this place.
 C = Inter-level travel time spent in this place.
 D = Time resting spent in this place.
 E = Time spent auto-exploring this place.
 F = Levels seen in this place.
 G = Mean time per level.
                   A        B        C        D        E       F      G
               +--------+--------+--------+--------+--------+-----+--------+
         Total |   4867 |   4578 |    289 |    153 |   3511 |   5 |  973.4 |
       Dungeon |   4867 |   4578 |    289 |    153 |   3511 |   5 |  973.4 |
               +--------+--------+--------+--------+--------+-----+--------+

Top non-repeatable levels by time:
     D:1: 1377 daAuts
     D:3: 1237 daAuts
     D:4: 1101 daAuts
     D:2: 662 daAuts
     D:5: 489 daAuts
